Map: Old Republic LE

Players

RomaNo

  • Race: Zerg Zerg
  • League: Diamond
  • Spawn Location: 1:00

HoldTheDoor - Winner!

  • Race: Protoss Protoss
  • League: Diamond
  • Spawn Location: 7:00

VOD

Have the link to the VOD?

Description

Time

  • Played on: May 20, 2026, 11:29 a.m.
  • Length: 11:19
Show
View Real Time Build Order
Export as new Build Order

RomaNo Zerg 

Build Orders: Hatch First 

Get SALT Encoding   

  12  0:00  Drone  
  13  0:12  Overlord  
  13  0:16  Drone  
  14  0:33  Drone x2  
  16  0:47  Hatchery  
  15  0:50  Drone  
  15  0:54  Drone  
  17  0:59  Drone  
  18  1:11  Extractor  
  18  1:16  Spawning Pool  
  17  1:18  Drone  
  17  1:22  Drone  
  18  1:29  Drone  
  19  1:39  Drone  
  20  1:51  Drone  
  21  1:59  Overlord  
  21  2:03  Queen  
  21  2:04  Queen  
  21  2:06  Zergling x2  
  26  2:16  Zergling x2  
  26  2:17  Metabolic Boost  
  27  2:23  Drone x2  
  29  2:44  Queen  
  29  2:50  Hatchery  
  30  2:56  Overlord  
  30  2:57  Overlord  
  30  3:16  Drone x5  
  30  3:17  Drone  
  36  3:26  Queen  
  36  3:30  Spore Crawler  
  36  3:31  Drone x2  
  39  3:36  Spore Crawler  
  39  3:38  Drone x2  
  40  3:57  Drone x4  
  40  3:59  Overlord x2  
  44  4:15  Drone x2, Extractor  
  44  4:16  Drone, Extractor  
  45  4:22  Queen  
  47  4:32  Queen x2  
  47  4:34  Overlord  
  47  4:37  Drone  
  52  4:38  Drone x2  
  52  4:40  Drone x3  
  52  4:44  Drone x3  
  52  4:45  Drone x4  
  64  4:50  Drone  
  64  4:51  Roach Warren  
  64  4:56  Zergling x2  
  64  4:57  Zergling x6  
  68  5:17  Spore Crawler  
  67  5:32  Hatchery  
  67  5:34  Drone x2  
  67  5:35  Overlord  
  66  6:09  Lair  
  66  6:18  Drone  
  66  6:19  Drone x8  
  66  6:20  Overlord x4  
  75  6:39  Pneumatized Carapace  
  75  6:44  Drone x3  
  75  6:45  Extractor  
  75  6:46  Drone  
  78  6:49  Drone x2  
  78  6:50  Spine Crawler  
  79  6:55  Roach x6  
  91  7:03  Spine Crawler  
  91  7:04  Spine Crawler  
  89  7:09  Spine Crawler  
  88  7:19  Roach x7  
  88  7:20  Roach x4  
  110  7:23  Glial Reconstitution  
  110  7:25  Overseer  
  110  7:28  Drone x2, Extractor  
  110  7:29  Extractor  
  110  7:32  Overseer  
  110  7:41  Overseer x2  
  110  7:42  Roach  
  110  7:44  Overlord x4  
  112  7:47  Hatchery  
  111  7:51  Drone x2  
  111  7:52  Evolution Chamber x2  
  111  7:55  Drone x2  
  111  7:56  Overlord x6  
  113  8:09  Roach  
  113  8:10  Roach x2  
  119  8:19  Ravager x10  
  129  8:32  Roach  
  129  8:33  Roach x8  
  147  8:40  Spine Crawler  
  146  8:47  Extractor  
  145  8:52  Extractor  
  140  9:16  Roach  
  119  9:17  Roach x15  
  119  9:21  Roach  
  120  9:26  Roach  
  120  9:30  Zergling x2  
  115  9:34  Hydralisk Den, Roach  
  110  10:07  Hydralisk  
  110  10:08  Hydralisk x9  
  130  10:20  Hydralisk x3  
  136  10:22  Zergling x2  
  136  10:23  Zergling x6  
  136  10:26  Drone x3  
  143  10:43  Ravager x2  
  143  10:45  Zergling x14  
  152  10:52  Drone x3  
Show
View Real Time Build Order
Export as new Build Order

HoldTheDoor Protoss - Winner!

Build Orders: 1 Gate Expand, Archon Immortal, Dark Templar Rush 

Get SALT Encoding   

  12  0:00  Probe  
  13  0:12  Probe  
  14  0:19  Pylon  
  14  0:24  Probe  
  15  0:33  Probe  
  15  0:40  Gateway  
  15  0:41  Probe  
  16  0:48  Assimilator  
  17  0:52  Probe  
  19  1:04  Probe  
  19  1:24  Nexus  
  19  1:33  Cybernetics Core  
  19  1:35  Probe  
  20  1:41  Assimilator  
  20  1:47  Probe  
  21  1:54  Pylon  
  21  2:00  Probe  
  21  2:01  Stalker  
  22  2:12  Probe  
  22  2:13  Warp Gate  
  25  2:24  Probe  
  25  2:29  Adept  
  26  2:36  Probe  
  29  2:38  Probe  
  30  2:45  Gateway  
  30  2:48  Probe  
  31  2:56  Twilight Council  
  31  2:58  Robotics Facility  
  31  3:00  Probe  
  31  3:04  Probe  
  33  3:12  Probe  
  34  3:16  Probe  
  35  3:24  Probe  
  36  3:28  Probe  
  37  3:36  Probe  
  37  3:37  Assimilator  
  37  3:40  Warp Prism  
  38  3:41  Dark Shrine  
  38  3:46  Pylon  
  38  3:47  Gateway  
  40  4:00  Probe  
  41  4:07  Gateway  
  41  4:10  Pylon, Probe  
  41  4:13  Probe  
  44  4:24  Probe  
  44  4:25  Probe  
  44  4:30  Pylon  
  45  4:39  Nexus  
  45  4:42  Pylon  
  45  4:46  Probe x2  
  47  4:55  Dark Templar x2  
  47  4:57  Dark Templar  
  53  5:02  Dark Templar  
  55  5:27  Probe  
  55  5:28  Probe  
  57  6:08  Probe  
  57  6:09  Probe  
  57  6:10  Probe  
  60  6:12  Charge  
  60  6:14  Immortal  
  64  6:20  Probe  
  64  6:21  Pylon, Probe  
  64  6:24  Pylon  
  66  6:29  Gateway  
  66  6:30  Probe  
  66  6:31  Gateway  
  67  6:33  Gateway  
  67  6:35  Gateway  
  67  6:36  Probe x2  
  67  6:37  Gateway  
  67  6:39  Forge  
  69  6:40  Gateway, Pylon  
  69  6:42  Probe  
  69  6:43  Gateway  
  69  6:45  Gateway  
  70  6:47  Zealot  
  70  6:48  Zealot x3, Probe x2, Pylon  
  70  6:51  Pylon  
  80  6:54  Immortal  
  80  6:55  Archon  
  80  6:57  Archon  
  80  7:01  Pylon  
  80  7:03  Pylon  
  80  7:08  Pylon, Probe x3  
  86  7:09  Protoss Ground Weapons Level 1  
  86  7:10  Zealot x3  
  86  7:11  Zealot  
  86  7:15  Pylon  
  95  7:27  Dark Templar x2  
  99  7:30  Dark Templar  
  99  7:31  Dark Templar x2  
  99  7:32  Dark Templar  
  99  7:36  Archon x3  
  107  7:38  Zealot x3  
  107  7:40  Zealot  
  115  7:46  Immortal  
  119  7:55  Photon Cannon  
  119  7:57  Pylon  
  119  8:00  Photon Cannon  
  119  8:05  Photon Cannon  
  119  8:07  Pylon  
  119  8:11  Photon Cannon  
  119  8:15  Photon Cannon  
  119  8:17  Photon Cannon  
  119  8:19  Pylon  
  119  8:23  Templar Archives  
  119  8:26  Zealot x3  
  125  8:27  Zealot  
  125  8:30  Zealot  
  125  8:31  Zealot  
  125  8:33  Observer  
  132  8:42  Zealot x4  
  132  8:48  Immortal  
  126  9:24  Zealot x8  
  114  9:25  Zealot x2  
  110  9:32  Immortal  
  110  9:43  Zealot  
  110  9:44  Zealot x8  
  110  9:45  Zealot x3  
  126  10:12  Immortal  
  126  10:13  Zealot x3  
  126  10:14  Zealot x9  
  154  10:40  Adept  
  154  10:41  Adept x4  
  154  10:42  Pylon  
  164  10:43  Adept x5  
  164  10:44  Adept, Pylon  
  164  10:45  Adept  
  164  10:47  Pylon  
  172  11:08  Zealot x3  
  172  11:09  Zealot x8  
  172  11:10  Zealot  
Tags
 
Add a new tag
Caveats
  • Supply blocks, unpowered buildings, or Contaminate may cause inaccurate times.
  • Supply counts are checked every 10 seconds.